 Dungeon Crawl Stone Soup version 0.30-a0-140-gd1020e658a (webtiles) character file.

Game seed: 11060020704503894515

430 qw the Chopper (level 6, -1/39 HPs)
             Began as a Gargoyle Fighter on Sept 24, 2022.
             Slain by an orc priest
             ... wielding a +0 mace
              (2 damage)
             ... on level 4 of the Dungeon.
             The game lasted 00:01:22 (3267 turns).

qw the Chopper (Gargoyle Fighter)                   Turns: 3267, Time: 00:01:23

Health: -1/39      AC: 11    Str: 22    XL:     6   Next: 99%
Magic:  6/6        EV:  9    Int:  8    God:
Gold:   70         SH:  4    Dex:  9    Spells: 5/5 levels left

rFire   . . .      SeeInvis .    Y - +1 war axe
rCold   . . .      Faith    .    c - +0 buckler
rNeg    + . .      Spirit   .    b - +0 scale mail
rPois   inf        Reflect  .    (no helmet)
rElec   +          Harm     .    (no cloak)
rCorr   .          Rampage  .    (no gloves)
Will    .....                    (no boots)
Stlth   ..........               (no amulet)
HPRegen 0.13/turn                (no ring)
MPRegen 0.10/turn                (no ring)

@: about to teleport
A: sickness immunity, AC +4, negative energy resistance 1, electricity
resistance, torment resistance 1, petrification resistance
a: no special abilities


You were on level 4 of the Dungeon.
You visited 1 branch of the dungeon, and saw 4 of its levels.

You collected 220 gold pieces.
You spent 150 gold pieces at shops.


Innate Abilities, Weirdness & Mutations

You are immune to sickness and miasma.
Your stone body is resilient. (AC +4)
You are immune to poison.
You resist negative energy. (rN+)
You are resistant to electric shocks. (rElec)
You are resistant to unholy torment.
You are immune to petrification.


   Skills:
 - Level 4.6 Fighting
 + Level 5.5 Axes
 - Level 1.0 Throwing
 - Level 3.2 Armour
 - Level 1.4 Dodging
 - Level 3.2 Shields


You had 5 spell levels left.
You didn't know any spells.
Your spell library was empty.

Inventory:

Hand Weapons
 e - a +0 flail
 Y - a +1 war axe (weapon)
Missiles
 p - 5 javelins (quivered)
Armour
 b - a +0 scale mail (worn)
 c - a +0 buckler (worn)
Jewellery
 f - an amulet of magic regeneration
 i - a ring of willpower
Scrolls
 a - 4 scrolls of identify
 g - a scroll of teleportation
Potions
 d - a potion of might
 h - a potion of resistance
 j - 2 potions of cancellation
 l - 3 potions of curing
 m - a potion of heal wounds
 n - a potion of attraction

Dungeon Overview and Level Annotations

Branches:
Dungeon (4/15)
 Temple: D:4-7

Altars:
The Shining One

Shops:
D:2 (?[?   D:3 *


Message History

The orc priest casts a cantrip, but nothing happens.
The orc barely misses you.
The orc priest mumbles some strange prayers to Beogh against you.
You barely resist.
The orc priest hits you but does no damage.
You hit the orc priest but do no damage.
The orc priest is lightly wounded.
You slash the orc!
You kill the orc!
The orc priest barely misses you.
You closely miss the orc priest.
The orc priest is lightly wounded.
You closely miss the orc priest.
The orc priest hits you but does no damage.
The orc priest hits you with a +0 mace.
You barely miss the orc priest.
The orc priest is lightly wounded.
You slash the orc priest!
The orc priest hits you but does no damage.
The orc priest hits you with a +0 mace.
You barely miss the orc priest.
The orc priest is severely wounded.
You barely miss the orc priest. The orc priest barely misses you.
The orc priest calls down the wrath of Beogh upon you.
Beogh smites you! The orc priest closely misses you.
The orc priest mumbles some strange prayers to Beogh against you.
Pain shoots through your body!
You barely miss the orc priest.
The orc priest is severely wounded.
You slash the orc priest!
The orc priest calls down the wrath of Beogh upon you.
Beogh smites you!
The orc priest miscasts a cantrip.
3267 ||| READING 2 scrolls of teleportation.
As you read the scroll of teleportation, it crumbles to dust.
You feel strangely unstable.
The orc priest hits you with a +0 flail.
The orc priest hits you with a +0 mace.
You die...

#.# ###.)..#
#.#######
###.%##
#.#.....# #....
########.#.....#
#...##.
#........#.....#
#.####.
#.########.....#
#. #. #.#
#.....# # #. #.#
##..oo.##### #.
#.# #...@)......
#. #.#
#......##### #.
#.# #......# #.
#.##### #.######
## #.....# #.#
#####.# #.#
#...# #.# #.###
#.# #.# #.#


You could see 2 orc priests.

Vanquished Creatures
  An ogre (D:4)
  A scorpion (D:4)
  3 orc priests
  6 gnolls
  5 adders
  2 dart slugs
  11 orcs
  6 ball pythons
  5 bats
  5 endoplasms
  5 giant cockroaches
  8 goblins
  7 hobgoblins
  9 kobolds
  3 quokkas (D:1)
  3 frilled lizards
  12 rats
92 creatures vanquished.

Notes
Turn   | Place    | Note
-------+----------+-------------------------------------------
     0 | D:1      | qw the Gargoyle Fighter began the quest for the Orb.
     0 | D:1      | Reached XP level 1. HP: 14/14 MP: 1/1
     0 | D:1      | 0 ||| qw: Version: 0.1.0-9-gbc19398
     0 | D:1      | 0 ||| qw: Game counter: 12
     0 | D:1      | 0 ||| qw: Always use a shield: true
     0 | D:1      | 0 ||| qw: God list: Okawaru
     0 | D:1      | 0 ||| qw: Allow faded altars: false
     0 | D:1      | 0 ||| qw: Do Orc after D:15 true
     0 | D:1      | 0 ||| qw: Do second Lair branch before Depths: true
     0 | D:1      | 0 ||| qw: Lair rune preference: random
     0 | D:1      | 0 ||| qw: Plans: Normal, Zot:1-4, God:TSO, Crypt, Tomb,
                  | Pan, Slime:5, Hells, Abyss, Orb
     0 | D:1      | 0 ||| PLANNING D:1-11
    18 | D:1      | Reached skill level 2 in Axes
    90 | D:1      | Reached XP level 2. HP: 19/19 MP: 2/2
   108 | D:1      | 108 ||| Stepping ~*~*~tactically~*~*~ (stealth).
   109 | D:1      | 109 ||| Stepping ~*~*~tactically~*~*~ (stealth).
   110 | D:1      | 110 ||| Stepping ~*~*~tactically~*~*~ (stealth).
   123 | D:1      | 123 ||| Stepping ~*~*~tactically~*~*~ (stealth).
   374 | D:1      | 374 ||| DROPPING +0 club.
   412 | D:1      | Reached skill level 3 in Axes
   428 | D:1      | Reached XP level 3. HP: 23/23 MP: 3/3
   752 | D:1      | 752 ||| READING 2 scrolls labelled LEMYVAU COAZI.
   753 | D:1      | 753 ||| READING scroll labelled OSASUM MANUS.
   757 | D:1      | 757 ||| READING scroll labelled BYQEAH XETIEMM.
   758 | D:1      | 758 ||| READING scroll labelled FANKAE OCIELAUGG.
   759 | D:1      | 759 ||| READING scroll labelled DECEIQUEMI.
   814 | D:1      | 814 ||| DRINKING 2 bubbling red potions.
   815 | D:1      | 815 ||| DROPPING scroll of fear.
   913 | D:2      | Found Falicov's Antique Armour Emporium.
   919 | D:2      | 919 ||| SHOPLISTING glowing leather armour (105 gold, have
                  | 61).
   919 | D:2      | 919 ||| SHOPLISTING runed scale mail (147 gold, have 61).
   919 | D:2      | 919 ||| SHOPLISTING slimy plate armour (588 gold, have 61).
   920 | D:2      | Found Ytuepili's Magic Scroll Boutique.
   930 | D:2      | 930 ||| SHOPLISTING scroll of enchant weapon (105 gold,
                  | have 73).
   964 | D:2      | Found a faded altar of an unknown god.
   987 | D:2      | Found Cedeff's Magic Scroll Shop.
  1000 | D:2      | 1000 ||| SHOPLISTING scroll of enchant armour (82 gold,
                  | have 73).
  1000 | D:2      | 1000 ||| SHOPLISTING scroll of enchant weapon (82 gold,
                  | have 73).
  1000 | D:2      | 1000 ||| BUYING scroll of identify (22 gold).
  1000 | D:2      | Bought a scroll of identify for 22 gold pieces
  1000 | D:2      | 1000 ||| BUYING scroll of identify (22 gold).
  1000 | D:2      | Bought a scroll of identify for 22 gold pieces
  1000 | D:2      | 1000 ||| BUYING scroll of identify (22 gold).
  1000 | D:2      | Bought a scroll of identify for 22 gold pieces
  1000 | D:2      | 1000 ||| SHOPLISTING scroll of teleportation (33 gold, have
                  | 7).
  1034 | D:2      | Found Irphanic's Antique Weapon Boutique.
  1037 | D:2      | 1037 ||| SHOPLISTING flail (63 gold, have 19).
  1037 | D:2      | 1037 ||| SHOPLISTING glowing war axe (117 gold, have 19).
  1037 | D:2      | 1037 ||| SHOPLISTING scorched hand axe (144 gold, have 19).
  1212 | D:2      | Reached XP level 4. HP: 26/28 MP: 4/4
  1245 | D:2      | Reached skill level 4 in Axes
  1272 | D:2      | 1272 ||| Stepping ~*~*~tactically~*~*~ (hiding).
  1284 | D:2      | 1284 ||| STAIRDANCE
  1415 | D:1      | 1415 ||| READING scroll labelled FAX LONIQAVUMO.
  1416 | D:1      | 1416 ||| READING scroll labelled RAERPH SOIDAMI.
  1417 | D:1      | 1417 ||| DRINKING 2 grey potions.
  1418 | D:1      | 1418 ||| READING 3 scrolls of identify.
  1418 | D:1      | 1418 ||| IDENTIFYING golden potion
  1419 | D:1      | 1419 ||| READING 2 scrolls of identify.
  1419 | D:1      | 1419 ||| IDENTIFYING coppery potion
  1420 | D:1      | 1420 ||| DROPPING potion of degeneration.
  1425 | D:2      | 1425 ||| DROPPING +0 whip.
  1679 | D:2      | 1679 ||| READING 2 scrolls of identify.
  1679 | D:2      | 1679 ||| IDENTIFYING smoky grey potion
  1736 | D:3      | 1736 ||| Stepping ~*~*~tactically~*~*~ (stealth).
  1745 | D:3      | 1745 ||| Stepping ~*~*~tactically~*~*~ (stealth).
  1760 | D:3      | 1760 ||| Stepping ~*~*~tactically~*~*~ (stealth).
  1763 | D:3      | 1763 ||| Stepping ~*~*~tactically~*~*~ (stealth).
  1846 | D:3      | Found Xemaweot's General Store.
  1857 | D:3      | 1857 ||| SHOPLISTING amulet of reflection (360 gold, have
                  | 90).
  1857 | D:3      | 1857 ||| BUYING potion of curing (36 gold).
  1857 | D:3      | Bought a potion of curing for 36 gold pieces
  1857 | D:3      | 1857 ||| BUYING scroll of identify (24 gold).
  1857 | D:3      | Bought a scroll of identify for 24 gold pieces
  1857 | D:3      | 1857 ||| BUYING scroll of identify (24 gold).
  1857 | D:3      | Bought a scroll of identify for 24 gold pieces
  1857 | D:3      | 1857 ||| SHOPLISTING scroll of teleportation (36 gold, have
                  | 6).
  1932 | D:3      | 1932 ||| Stepping ~*~*~tactically~*~*~ (hiding).
  1939 | D:3      | Reached XP level 5. HP: 32/32 MP: 5/5
  2092 | D:3      | Found a glowing golden altar of the Shining One.
  2177 | D:3      | 2177 ||| Stepping ~*~*~tactically~*~*~ (stealth).
  2259 | D:3      | 2259 ||| DROPPING +2 vorpal mace.
  2327 | D:3      | Reached skill level 5 in Axes
  2563 | D:3      | 2563 ||| DROPPING ring of magical power.
  2564 | D:3      | 2564 ||| READING 2 scrolls labelled CIJARCHUCKU.
  2565 | D:3      | 2565 ||| READING scroll labelled HAOMEM NIPTAT ARU.
  2566 | D:3      | 2566 ||| READING 3 scrolls of identify.
  2566 | D:3      | 2566 ||| IDENTIFYING bubbling grey potion
  2567 | D:3      | 2567 ||| READING 2 scrolls of identify.
  2567 | D:3      | 2567 ||| IDENTIFYING orange potion
  2568 | D:3      | 2568 ||| DROPPING scroll of fog.
  2569 | D:3      | 2569 ||| DROPPING potion of ambrosia.
  2675 | D:4      | Reached skill level 1 in Throwing
  2775 | D:4      | Noticed an ogre
  2783 | D:4      | Killed an ogre
  2784 | D:4      | Reached XP level 6. HP: 25/39 MP: 6/6
  2791 | D:4      | 2791 ||| Stepping ~*~*~tactically~*~*~ (stealth).
  2802 | D:4      | Reached skill level 1 in Dodging
  2998 | D:4      | 2998 ||| Stepping ~*~*~tactically~*~*~ (hiding).
  3000 | D:4      | 3000 ||| Stepping ~*~*~tactically~*~*~ (hiding).
  3002 | D:4      | 3002 ||| Stepping ~*~*~tactically~*~*~ (hiding).
  3116 | D:4      | 3116 ||| Stepping ~*~*~tactically~*~*~ (stealth).
  3150 | D:4      | 3150 ||| Stepping ~*~*~tactically~*~*~ (stealth).
  3266 | D:4      | HP: 4/39 [orc priest/divine providence (15)]
  3267 | D:4      | 3267 ||| READING 2 scrolls of teleportation.
  3267 | D:4      | HP: 1/39 [orc priest/+0 flail (3)]
  3267 | D:4      | Slain by an orc priest

Levels and vault maps discovered:
D:1:      mrwooster_arrival_statue, layout_rooms, minmay_hexomino_p4
D:2:      layout_loops_ring, ebering_ecumenical_altar_rust, serial_shops,
          shop_scrolls, shop, nicolae_shop_behind_doors, shop
D:3:      layout_loops_ring, mainiacjoe_overflow_24_doors, serial_shops,
          shop_fountains
D:4:      layout_basic, led_sif_book

Skill      XL: |  1  2  3  4  5  6 |
---------------+-------------------+-----
Axes           | 2 3 4 5 |  5.5
Throwing       | 1 |  1.0
Fighting       | 4 |  4.6
Dodging        | 1 |  1.4
Armour         | |  3.2
Shields        | |  3.2

Action                   |  1- 3 |  4- 6 || total
-------------------------+-------+-------++-------
Melee: War axe           |   106 |   114 ||   220
Throw: Javelin           |       |    17 ||    17
  Use: Scroll            |     5 |    10 ||    15
       Potion            |     1 |     1 ||     2
Armor: Scale mail        |    50 |    53 ||   103
Dodge: Dodged            |    43 |    42 ||    85
Block: Buckler           |    25 |    14 ||    39

Table legend:
 A = Non-vault XP
 B = Vault XP
 C = Vault XP percentage of total XP
 D = Non-vault monster count
 E = Vault monster count
 F = Vault count percentage of total count
                 A         B        C        D         E       F
            +---------+---------+-------+---------+---------+-------
      Total |     606 |       9 |   1.5 |      88 |       4 |   4.3
            +---------+---------+-------+---------+---------+-------
        D:1 |      45 |       9 |  16.7 |      27 |       4 |  12.9
        D:2 |      92 |       0 |   0.0 |      17 |       0 |   0.0
        D:3 |     110 |       0 |   0.0 |      26 |       0 |   0.0
        D:4 |     359 |       0 |   0.0 |      18 |       0 |   0.0
            +---------+---------+-------+---------+---------+-------
